AoeStats
← waLLefps.

Arabia

507254026Analyzed
1v1 RM · 14d ago on Sep 17, 2026· 35m 45s· 2 players
Game mode
Random Map
Map size
Tiny (2 player)
Population
200
Speed
Normal
Resources
Standard
Victory
Conquest
Starting age
Dark Age
Ending age
Imperial Age
RankedLock teamsTeams togetherTeam positionsShared explorationLock speedFull tech treeHidden civsTurbo modeCheats
Victory
Defeat
🇹🇷 Malay · Türkiye
1345
+20
🇵🇪 Celts · Peru
1429
-20
waLLefps.
7:52 Loom
10:13 Feudal Age
10:10 Double-Bit Axe
14:02 Town Watch
16:38 Fletching
18:05 Padded Archer Armor
19:45 Horse Collar
23:20 Castle Age
21:53 Scale Barding Armor
22:18 Crossbowman
22:54 Bodkin Arrow
24:10 Heavy Plow
25:58 Leather Archer Armor
27:00 Wheelbarrow
28:28 Husbandry
30:03 Hand Cart
30:39 Gold Mining
31:36 Forging
36:51 Imperial Age
35:05 Ballistics
35:02 Stone Mining
36:13 Iron Casting
35:40 Squires
35:25 Arson
35:02 Pikeman
37:22 Chemistry
alonso
6:44 Loom
7:15 Loom
10:02 Feudal Age
10:05 Man-at-Arms
16:14 Double-Bit Axe
16:39 Fletching
21:52 Castle Age
20:04 Gold Mining
20:57 Forging
21:55 Scale Barding Armor
23:10 Chain Barding Armor
25:59 Town Watch
30:31 Scale Mail Armor
33:27 Wheelbarrow
38:34 Imperial Age
Connection lost

Rejoining the realm…

Still unreachable

The connection could not be restored.

Session expired

The server has moved on; the page needs a fresh start.